 Dungeon Crawl Stone Soup version 0.29.0-4-gdea44cf6ec (webtiles) character file.

Game seed: 15468256336956381286

3143 qw the Grappler (level 9, -14/88 HPs)
             Began as a Troll Cinder Acolyte on Sept 1, 2022.
             Was a Priest of Ignis.
             Demolished by a skeletal warrior
             ... wielding a +0 long sword
              (23 damage)
             ... on level 8 of the Dungeon.
             The game lasted 00:03:31 (6341 turns).

qw the Grappler (Troll Cinder Acolyte)              Turns: 6341, Time: 00:03:31

Health: -14/88     AC: 12    Str: 28    XL:     9   Next: 62%
Magic:  9/9        EV:  9    Int: 10    God:    Ignis [***...]
Gold:   192        SH:  0    Dex:  5    Spells: 10/10 levels left

rFire   + + .      SeeInvis .     - Unarmed
rCold   . . .      Faith    .   (no shield)
rNeg    . . .      Spirit   .   p - +1 robe of the Shore {+Blink rElec rC- rCorr}
rPois   .          Reflect  .   (helmet restricted)
rElec   +          Harm     .   (no cloak)
rCorr   +          Rampage  .   (gloves unavailable)
Will    .....                   (boots unavailable)
Stlth   +.........              f - amulet of regeneration
HPRegen 1.84/turn               g - ring of protection from fire
MPRegen 0.11/turn               i - ring of protection from cold

@: about to teleport, fiery-armoured
A: large, unfitting armour, claws 3, regeneration 1, shaggy fur 1, tough skin 1
a: Renounce Religion, Evoke Blink, Fiery Armour, Foxfire Swarm, Rising Flame


You were on level 8 of the Dungeon.
You worshipped Ignis.
Ignis was most pleased with you.
You visited 1 branch of the dungeon, and saw 8 of its levels.

You collected 369 gold pieces.
You spent 177 gold pieces at shops.


Innate Abilities, Weirdness & Mutations

You are too large for most types of armour.
You have claws for hands.
Your natural rate of healing is unusually fast.
You are covered in fur. (AC +1)
You have tough skin. (AC +1)


   Skills:
 - Level 5.1 Fighting
 + Level 2.4 Throwing
 - Level 1.2 Dodging
 - Level 12.2 Unarmed Combat
 - Level 1.0 Spellcasting
 - Level 2.1 Fire Magic


You had 10 spell levels left.
You didn't know any spells.
Your spell library contained the following spells:

 Spells                   Type           Power      Damage    Failure   Level
 Scorch                   Fire           8%         2d5       22%         2

Inventory:

Missiles
 b - 7 boomerangs
 o - 2 javelins (quivered)
Armour
 a - a +0 robe
 p - the +1 robe of the Shore (worn) {+Blink rElec rC- rCorr}
   (You found it on level 5 of the Dungeon)

   rC:        It makes you vulnerable to cold.
   rElec:     It insulates you from electricity.
   +Blink:    It lets you blink.
   rCorr:     It protects you from acid and corrosion.
Jewellery
 f - an amulet of regeneration (around neck)
 g - a ring of protection from fire (left claw)
 i - a ring of protection from cold (right claw)
 n - a ring of ice
Scrolls
 h - a scroll of identify
 k - a scroll of brand weapon
Potions
 c - a potion of resistance
 e - 2 potions of haste
 l - 3 potions of might
 m - 7 potions of curing
 q - a potion of invisibility {unknown}

Dungeon Overview and Level Annotations

Branches:
Dungeon (8/15)             Temple (0/1) D:4
   Lair: D:8-11

Altars:
Elyvilon
Gozag
Makhleb
Trog

Shops:
D:2 !   D:4 **   D:7 [

Annotations:
D:2 1 runed translucent door, Crazy Yiuf
D:5 1 runed translucent door, qw's ghost, novice TrCA
D:7 2 runed translucent doors


Message History

The javelin pierces through the skeletal warrior but does no damage.
Throw: 3 javelins
Press: ? - help, Q - select action, (/) - cycle Shift-Dir - straight line, f/p - skeletal warrior You throw a javelin.
The javelin pierces through the skeletal warrior.
The skeletal warrior is lightly damaged.
You mangle the skeletal warrior!!
The skeletal warrior is moderately damaged.
The skeletal warrior hits you with a +0 long sword.
You barely miss the skeletal warrior. Your claw misses the skeletal warrior.
The skeletal warrior is moderately damaged.
The skeletal warrior hits you with a +0 long sword!!
You barely miss the skeletal warrior.
The skeletal warrior is moderately damaged.
The skeletal warrior closely misses you.
You closely miss the skeletal warrior.
The skeletal warrior is moderately damaged.
You barely miss the skeletal warrior.
The skeletal warrior is moderately damaged.
The skeletal warrior hits you with a +0 long sword!
You barely miss the skeletal warrior.
The skeletal warrior is moderately damaged.
The skeletal warrior hits you with a +0 long sword!!
6337 ||| INVOKING Fiery Armour.
A protective cloak of flame settles atop you.
The skeletal warrior hits you with a +0 long sword!
You scratch the skeletal warrior.
The skeletal warrior is moderately damaged.
The skeletal warrior hits you with a +0 long sword!
6339 ||| READING scroll of teleportation.
As you read the scroll of teleportation, it crumbles to dust.
You feel strangely unstable. The skeletal warrior barely misses you.
6340 ||| DRINKING potion of heal wounds.
You feel much better.
The skeletal warrior hits you with a +0 long sword!!
You barely miss the skeletal warrior. Your claw misses the skeletal warrior.
The skeletal warrior is moderately damaged.
The skeletal warrior hits you with a +0 long sword!!
You die...

######### ##.......#
########
....<....#####..@...#
##.......##....##z.}#
#.......##.#### ...#
#.......##.# }.}#
#.......##.## ...#
#.......##..### ....
#.......##....# .((.#
#............## 8.8##
#########.#....#


You could see a skeletal warrior.

Vanquished Creatures
  Grinder (D:6)
  Eustachio (D:5)
  2 steam dragons (D:7)
  Menkaure (D:4)
  An acid dragon (D:7)
  2 water moccasins
  2 black bears
  An ogre (D:5)
  A phantom (D:6)
  A kobold brigand (D:7)
  2 bullfrogs
  A necrophage (D:8)
  A scorpion (D:6)
  12 killer bees
  A howler monkey (D:5)
  An electric eel (D:7)
  2 jellies (D:6)
  2 hounds (D:5)
  3 gnoll boudas
  2 orc priests (D:6)
  3 iguanas
  7 orc wizards
  Robin (D:4)
  7 adders
  12 gnolls
  A shadow imp (D:5)
  A white imp (D:7)
  2 worms
  5 dart slugs
  22 orcs
  6 endoplasms
  4 giant cockroaches
  14 goblins
  5 hobgoblins
  9 jackals
  13 kobolds
  6 quokkas
  3 ball pythons
  3 bats
  A frilled lizard (D:2)
  6 rats
171 creatures vanquished.

Vanquished Creatures (others)
  22 fungi (D:6)
  11 plants
33 creatures vanquished.

Grand Total: 204 creatures vanquished

Notes
Turn   | Place    | Note
-------+----------+-------------------------------------------
     0 | D:1      | qw the Troll Cinder Acolyte began the quest for the Orb.
     0 | D:1      | Reached XP level 1. HP: 22/22 MP: 1/1
     0 | D:1      | 0 ||| qw: Version: 0.1-a-97-g2dd2ca4
     0 | D:1      | 0 ||| qw: Game counter: 4848
     0 | D:1      | 0 ||| qw: Always use a shield: true
     0 | D:1      | 0 ||| qw: God list: Okawaru
     0 | D:1      | 0 ||| qw: Allow faded altars: false
     0 | D:1      | 0 ||| qw: Do Orc after D:15 true
     0 | D:1      | 0 ||| qw: Do second Lair branch before Depths: true
     0 | D:1      | 0 ||| qw: Lair rune preference: random
     0 | D:1      | 0 ||| qw: Plans: Normal
     0 | D:1      | 0 ||| PLANNING D:1-11
    74 | D:1      | Reached XP level 2. HP: 29/29 MP: 2/2
   123 | D:1      | 123 ||| Stepping ~*~*~tactically~*~*~ (outnumbered).
   171 | D:1      | Found a faded altar of an unknown god.
   219 | D:1      | Reached skill level 4 in Unarmed Combat
   294 | D:1      | 294 ||| Stepping ~*~*~tactically~*~*~ (hiding).
   521 | D:1      | Reached XP level 3. HP: 36/36 MP: 3/3
   839 | D:1      | 839 ||| UPGRADING to amulet of regeneration.
   844 | D:1      | 844 ||| UPGRADING to ring of protection from fire.
   845 | D:1      | 845 ||| READING scroll labelled ETYSIL UFIT.
   846 | D:1      | 846 ||| READING 3 scrolls labelled SATEOX NYECOR.
   847 | D:1      | 847 ||| READING scroll labelled ZAENOK MAAKI.
   848 | D:1      | 848 ||| READING 2 scrolls of identify.
   848 | D:1      | 848 ||| IDENTIFYING smoky brown potion
  1149 | D:2      | Found a runed translucent door.
  1150 | D:2      | Noticed Crazy Yiuf
  1239 | D:2      | 1239 ||| Stepping ~*~*~tactically~*~*~ (outnumbered).
  1462 | D:2      | Found Peitidgh's Distillery.
  1465 | D:2      | 1465 ||| SHOPLISTING 2 potions of heal wounds (130 gold,
                  | have 99).
  1465 | D:2      | 1465 ||| BUYING potion of curing (39 gold).
  1465 | D:2      | Bought a potion of curing for 39 gold pieces
  1465 | D:2      | 1465 ||| SHOPLISTING potion of resistance (130 gold, have
                  | 60).
  1671 | D:2      | 1671 ||| UPGRADING to ring of protection from cold.
  1672 | D:2      | 1672 ||| READING 2 scrolls labelled PAKUIHUIZI.
  1718 | D:2      | 1718 ||| READING scroll labelled VUYHESCH CIEP.
  1819 | D:2      | 1819 ||| DRINKING 2 metallic white potions.
  1820 | D:2      | 1820 ||| READING 3 scrolls of identify.
  1820 | D:2      | 1820 ||| IDENTIFYING fizzy grey potion
  1821 | D:2      | 1821 ||| READING 2 scrolls of identify.
  1821 | D:2      | 1821 ||| IDENTIFYING glowing coppery potion
  1822 | D:2      | 1822 ||| DROPPING potion of brilliance.
  1823 | D:2      | 1823 ||| DROPPING potion of ambrosia.
  1824 | D:2      | 1824 ||| DROPPING potion of flight.
  1922 | D:3      | Reached XP level 4. HP: 41/44 MP: 4/4
  1924 | D:3      | 1924 ||| Stepping ~*~*~tactically~*~*~ (stealth).
  1933 | D:3      | Reached skill level 5 in Unarmed Combat
  2252 | D:3      | 2252 ||| INVOKING Fiery Armour.
  2265 | D:3      | Reached XP level 5. HP: 24/50 MP: 5/5
  2302 | D:3      | Reached skill level 6 in Unarmed Combat
  2498 | D:3      | 2498 ||| READING scroll labelled KORPHO NOTZEUL.
  2558 | D:4      | 2558 ||| DRINKING 2 potions of curing.
  2558 | D:4      | 2558 ||| (to cure confusion)
  2559 | D:4      | 2559 ||| Stepping ~*~*~tactically~*~*~ (outnumbered).
  2560 | D:4      | 2560 ||| Stepping ~*~*~tactically~*~*~ (outnumbered).
  2561 | D:4      | 2561 ||| Stepping ~*~*~tactically~*~*~ (outnumbered).
  2592 | D:4      | Found a staircase to the Ecumenical Temple.
  2601 | D:4      | Noticed Menkaure
  2602 | D:4      | 2602 ||| Stepping ~*~*~tactically~*~*~ (hiding).
  2610 | D:4      | Killed Menkaure
  2611 | D:4      | Reached skill level 7 in Unarmed Combat
  2611 | D:4      | Reached XP level 6. HP: 41/59 MP: 6/6
  2613 | D:4      | 2613 ||| Stepping ~*~*~tactically~*~*~ (outnumbered).
  2618 | D:4      | 2618 ||| FLEEEEING.
  2621 | D:4      | 2621 ||| Stepping ~*~*~tactically~*~*~ (stealth).
  2627 | D:4      | 2627 ||| Stepping ~*~*~tactically~*~*~ (stealth).
  2628 | D:4      | 2628 ||| Stepping ~*~*~tactically~*~*~ (stealth).
  2728 | D:4      | 2728 ||| Stepping ~*~*~tactically~*~*~ (outnumbered).
  2729 | D:4      | 2729 ||| Stepping ~*~*~tactically~*~*~ (outnumbered).
  2730 | D:4      | 2730 ||| Stepping ~*~*~tactically~*~*~ (outnumbered).
  2731 | D:4      | 2731 ||| Stepping ~*~*~tactically~*~*~ (outnumbered).
  2800 | D:4      | 2800 ||| Stepping ~*~*~tactically~*~*~ (outnumbered).
  2801 | D:4      | 2801 ||| Stepping ~*~*~tactically~*~*~ (outnumbered).
  2802 | D:4      | 2802 ||| Stepping ~*~*~tactically~*~*~ (stealth).
  2885 | D:4      | 2885 ||| INVOKING Fiery Armour.
  2886 | D:4      | 2886 ||| Stepping ~*~*~tactically~*~*~ (stealth).
  2886 | D:4      | Noticed Robin
  2887 | D:4      | 2887 ||| Stepping ~*~*~tactically~*~*~ (stealth).
  2894 | D:4      | 2894 ||| Stepping ~*~*~tactically~*~*~ (outnumbered).
  2896 | D:4      | 2896 ||| Stepping ~*~*~tactically~*~*~ (outnumbered).
  2897 | D:4      | 2897 ||| Stepping ~*~*~tactically~*~*~ (outnumbered).
  2898 | D:4      | 2898 ||| Stepping ~*~*~tactically~*~*~ (outnumbered).
  2900 | D:4      | 2900 ||| Stepping ~*~*~tactically~*~*~ (hiding).
  2905 | D:4      | 2905 ||| Stepping ~*~*~tactically~*~*~ (outnumbered).
  2909 | D:4      | Killed Robin
  3191 | D:4      | 3191 ||| Stepping ~*~*~tactically~*~*~ (hiding).
  3192 | D:4      | 3192 ||| Stepping ~*~*~tactically~*~*~ (hiding).
  3223 | D:4      | Found Ugudy's Specific Store.
  3224 | D:4      | Found Hynogean's General Store.
  3233 | D:4      | 3233 ||| BUYING scroll of brand weapon (114 gold).
  3233 | D:4      | Bought a scroll of brand weapon for 114 gold pieces
  3233 | D:4      | 3233 ||| BUYING scroll of identify (24 gold).
  3233 | D:4      | Bought a scroll of identify for 24 gold pieces
  3237 | D:4      | 3237 ||| READING 2 scrolls labelled VOPHYA URROHOEM.
  3238 | D:4      | 3238 ||| READING scroll labelled UPHYECKODOX.
  3239 | D:4      | 3239 ||| READING 2 scrolls of identify.
  3239 | D:4      | 3239 ||| IDENTIFYING inky potion
  3240 | D:4      | 3240 ||| DROPPING scroll of noise.
  3255 | D:5      | Entered Level 5 of the Dungeon
  3299 | D:5      | 3299 ||| Stepping ~*~*~tactically~*~*~ (stealth).
  3300 | D:5      | 3300 ||| Stepping ~*~*~tactically~*~*~ (stealth).
  3358 | D:5      | Noticed Eustachio
  3364 | D:5      | 3364 ||| Stepping ~*~*~tactically~*~*~ (outnumbered).
  3365 | D:5      | 3365 ||| Stepping ~*~*~tactically~*~*~ (outnumbered).
  3369 | D:5      | Killed Eustachio
  3370 | D:5      | Reached skill level 8 in Unarmed Combat
  3370 | D:5      | Reached XP level 7. HP: 58/66 MP: 7/7
  3377 | D:5      | Found a runed translucent door.
  3379 | D:5      | Noticed qw's ghost (novice TrCA)
  3384 | D:5      | 3384 ||| Stepping ~*~*~tactically~*~*~ (hiding).
  3465 | D:5      | 3465 ||| Stepping ~*~*~tactically~*~*~ (stealth).
  3471 | D:5      | Reached skill level 3 in Fighting
  3594 | D:5      | Identified the +1 robe of the Shore {+Blink rElec rC-
                  | rCorr}
  3719 | D:5      | 3719 ||| Stepping ~*~*~tactically~*~*~ (stealth).
  3729 | D:5      | Reached skill level 9 in Unarmed Combat
  3870 | D:5      | 3870 ||| UPGRADING to +1 robe of the Shore {+Blink rElec
                  | rC- rCorr}.
  3880 | D:5      | 3880 ||| DROPPING amulet of magic regeneration.
  3881 | D:5      | 3881 ||| DRINKING 2 glowing amethyst potions.
  3882 | D:5      | 3882 ||| READING 2 scrolls of identify.
  3882 | D:5      | 3882 ||| IDENTIFYING blue potion
  3883 | D:5      | 3883 ||| DROPPING potion of attraction.
  3964 | D:6      | Reached skill level 1 in Throwing
  3967 | D:6      | Found an opulent altar of Gozag.
  3969 | D:6      | 3969 ||| Stepping ~*~*~tactically~*~*~ (stealth).
  3974 | D:6      | Reached skill level 1 in Dodging
  3994 | D:6      | 3994 ||| FLEEEEING.
  3995 | D:6      | 3995 ||| FLEEEEING.
  3996 | D:6      | 3996 ||| FLEEEEING.
  3997 | D:6      | 3997 ||| FLEEEEING.
  4028 | D:6      | Reached XP level 8. HP: 68/75 MP: 8/8
  4234 | D:6      | Noticed Grinder
  4242 | D:6      | Killed Grinder
  4269 | D:6      | Reached skill level 10 in Unarmed Combat
  4272 | D:6      | 4272 ||| Stepping ~*~*~tactically~*~*~ (stealth).
  4289 | D:6      | 4289 ||| Stepping ~*~*~tactically~*~*~ (stealth).
  4290 | D:6      | 4290 ||| INVOKING Fiery Armour.
  4293 | D:6      | 4293 ||| Stepping ~*~*~tactically~*~*~ (outnumbered).
  4294 | D:6      | 4294 ||| Stepping ~*~*~tactically~*~*~ (outnumbered).
  4295 | D:6      | 4295 ||| Stepping ~*~*~tactically~*~*~ (outnumbered).
  4296 | D:6      | 4296 ||| Stepping ~*~*~tactically~*~*~ (outnumbered).
  4298 | D:6      | 4298 ||| Stepping ~*~*~tactically~*~*~ (outnumbered).
  4299 | D:6      | 4299 ||| Stepping ~*~*~tactically~*~*~ (outnumbered).
  4332 | D:6      | 4332 ||| Stepping ~*~*~tactically~*~*~ (stealth).
  4345 | D:6      | Found a bloodstained altar of Trog.
  4377 | D:6      | Found a white marble altar of Elyvilon.
  4384 | D:6      | 4384 ||| FLEEEEING.
  4385 | D:6      | 4385 ||| FLEEEEING.
  4386 | D:6      | 4386 ||| FLEEEEING.
  4395 | D:6      | 4395 ||| FLEEEEING.
  4396 | D:6      | 4396 ||| FLEEEEING.
  4397 | D:6      | 4397 ||| FLEEEEING.
  4398 | D:6      | 4398 ||| FLEEEEING.
  4399 | D:6      | 4399 ||| FLEEEEING.
  4400 | D:6      | 4400 ||| FLEEEEING.
  4401 | D:6      | 4401 ||| FLEEEEING.
  4402 | D:6      | 4402 ||| FLEEEEING.
  4403 | D:6      | 4403 ||| FLEEEEING.
  4404 | D:6      | 4404 ||| FLEEEEING.
  4446 | D:6      | 4446 ||| FLEEEEING.
  4447 | D:6      | 4447 ||| FLEEEEING.
  4448 | D:6      | 4448 ||| FLEEEEING.
  4449 | D:6      | 4449 ||| FLEEEEING.
  4456 | D:6      | 4456 ||| FLEEEEING.
  4457 | D:6      | 4457 ||| FLEEEEING.
  4459 | D:6      | 4459 ||| FLEEEEING.
  4460 | D:6      | 4460 ||| FLEEEEING.
  4461 | D:6      | 4461 ||| FLEEEEING.
  4462 | D:6      | 4462 ||| FLEEEEING.
  4463 | D:6      | 4463 ||| FLEEEEING.
  4464 | D:6      | 4464 ||| FLEEEEING.
  4465 | D:6      | 4465 ||| FLEEEEING.
  4466 | D:6      | 4466 ||| FLEEEEING.
  4498 | D:6      | 4498 ||| INVOKING Fiery Armour.
  4499 | D:6      | 4499 ||| Stepping ~*~*~tactically~*~*~ (outnumbered).
  4857 | D:6      | 4857 ||| FLEEEEING.
  4858 | D:6      | 4858 ||| FLEEEEING.
  4859 | D:6      | 4859 ||| FLEEEEING.
  4860 | D:6      | 4860 ||| FLEEEEING.
  5032 | D:6      | 5032 ||| FLEEEEING.
  5036 | D:6      | 5036 ||| FLEEEEING.
  5037 | D:6      | 5037 ||| FLEEEEING.
  5038 | D:6      | 5038 ||| FLEEEEING.
  5056 | D:7      | Found Abot's Antique Armour Shop.
  5057 | D:7      | 5057 ||| STAIRDANCE
  5063 | D:7      | 5063 ||| STAIRDANCE
  5069 | D:6      | Reached skill level 11 in Unarmed Combat
  5085 | D:7      | 5085 ||| STAIRDANCE
  5087 | D:6      | 5087 ||| INVOKING Fiery Armour.
  5098 | D:7      | 5098 ||| STAIRDANCE
  5114 | D:7      | Reached XP level 9. HP: 62/84 MP: 9/9
  5148 | D:7      | 5148 ||| SHOPLISTING runed cloak (240 gold, have 94).
  5198 | D:7      | Found a large runed translucent door.
  5199 | D:7      | Found a large runed translucent door.
  5247 | D:7      | 5247 ||| Stepping ~*~*~tactically~*~*~ (stealth).
  5254 | D:7      | 5254 ||| INVOKING Fiery Armour.
  5256 | D:7      | Reached skill level 12 in Unarmed Combat
  5257 | D:7      | HP: 15/85 [killer bee (7)]
  5258 | D:7      | 5258 ||| READING 3 scrolls of teleportation.
  5262 | D:7      | HP: 15/87 [poisoned by a killer bee]
  5263 | D:7      | 5263 ||| FLEEEEING.
  5264 | D:7      | 5264 ||| FLEEEEING.
  5265 | D:7      | 5265 ||| READING 2 scrolls of teleportation.
  5267 | D:7      | HP: 12/87 [electric eel/bolt of electricity (3)]
  5268 | D:7      | 5268 ||| READING scroll of teleportation.
  5269 | D:7      | HP: 5/87 [electric eel/bolt of electricity (3)]
  5270 | D:7      | 5270 ||| FLEEEEING.
  5271 | D:7      | 5271 ||| FLEEEEING.
  5654 | D:7      | 5654 ||| READING scroll labelled LUANIA JEHUON.
  5655 | D:7      | 5655 ||| READING 2 scrolls of identify.
  5655 | D:7      | 5655 ||| IDENTIFYING grey potion
  5706 | D:8      | 5706 ||| Stepping ~*~*~tactically~*~*~ (hiding).
  5740 | D:8      | 5740 ||| Stepping ~*~*~tactically~*~*~ (stealth).
  5760 | D:8      | Found a burning altar of Makhleb.
  6327 | D:8      | Noticed a skeletal warrior
  6337 | D:8      | 6337 ||| INVOKING Fiery Armour.
  6338 | D:8      | HP: 13/88 [skeletal warrior/+0 long sword (14)]
  6339 | D:8      | 6339 ||| READING scroll of teleportation.
  6340 | D:8      | 6340 ||| DRINKING potion of heal wounds.
  6341 | D:8      | Demolished by a skeletal warrior

Levels and vault maps discovered:
D:1:      giann_bridges, layout_loops_ring,
          shapermc_ecumenical_altar_notcrosses, nicolae_figureground_sparkle
D:2:      layout_basic, serial_shops, nicolae_shop_behind_doors,
          uniq_crazy_yiuf_cottage
D:3:      layout_basic
D:4:      kennysheep_goblin_castle, layout_rooms, minmay_temple_entry_mist,
          nicolae_specific_store, hangedman_decor_points, uniq_menkaure
D:5:      layout_rooms, serial_bayou, serial_bayou_lake_a, serial_bayou_pond_b,
          serial_bayou_shore_b, serial_bayou_pond_a, ebering_ghost_inner_flame,
          chequers_serial_rivers_small_a, uniq_eustachio
D:6:      layout_basic, mainiacjoe_overflow_catwalk_spiral,
          mainiacjoe_overflow_concentric_impassable, serial_aquarium,
          aquarium_bridge_long_separate [aquarium_subvault_wall,
          aquarium_subvault_window, aquarium_subvault_bridge,
          aquarium_subvault_bridge, aquarium_subvault_balcony,
          aquarium_subvault_window], aquarium_bridge_square
          [aquarium_subvault_bridge, aquarium_subvault_bridge,
          aquarium_subvault_balcony, aquarium_subvault_balcony],
          aquarium_window_1, aquarium_window_3, aquarium_view_4, uniq_grinder
D:7:      layout_rooms, jmf_multi_god_temple2, serial_shops, shop,
          serial_bayou_lagoon_a
D:8:      layout_basic, lemuel_tele_altar, small_chamber_with_monster

Skill      XL: |  1  2  3  4  5  6  7  8  9 |
---------------+----------------------------+-----
Unarmed Combat | 4 5 7 8 9 11 12 | 12.2
Fighting       | 3 4 5 |  5.1
Throwing       | 1 2 |  2.4
Dodging        | 1 |  1.2
Spellcasting   | |  1.0
Fire Magic     | |  2.1

Action                   |  1- 3 |  4- 6 |  7- 9 || total
-------------------------+-------+-------+-------++-------
Melee: Unarmed           |   120 |   108 |   218 ||   446
       Punch             |     4 |     2 |     6 ||    12
Throw: Boomerang         |       |    27 |    33 ||    60
       Javelin           |       |       |     7 ||     7
Invok: Fiery Armour      |       |     2 |     5 ||     7
  Use: Scroll            |     8 |     4 |     7 ||    19
       Potion            |     1 |     1 |     2 ||     4
Armor: Robe              |    43 |    36 |    64 ||   143
Dodge: Dodged            |    52 |    46 |   104 ||   202

Table legend:
 A = Non-vault XP
 B = Vault XP
 C = Vault XP percentage of total XP
 D = Non-vault monster count
 E = Vault monster count
 F = Vault count percentage of total count
                 A         B        C        D         E       F
            +---------+---------+-------+---------+---------+-------
      Total |    3681 |     810 |  18.0 |     145 |      26 |  15.2
            +---------+---------+-------+---------+---------+-------
        D:1 |      46 |       0 |   0.0 |      23 |       0 |   0.0
        D:2 |      21 |       0 |   0.0 |      11 |       0 |   0.0
        D:3 |     169 |       0 |   0.0 |      17 |       0 |   0.0
        D:4 |     116 |     238 |  67.2 |      20 |      22 |  52.4
        D:5 |     334 |     318 |  48.8 |       8 |       3 |  27.3
        D:6 |    1266 |     254 |  16.7 |      33 |       1 |   2.9
        D:7 |    1405 |       0 |   0.0 |      27 |       0 |   0.0
        D:8 |     324 |       0 |   0.0 |       6 |       0 |   0.0
            +---------+---------+-------+---------+---------+-------
